AoeStats
← mukosdrum

Arabia

503555481Analyzed
2v2 RM · 1mo ago on Sep 1, 2026· 86m 36s· 4 players
Game mode
Random Map
Map size
Medium (4 player)
Population
200
Speed
Normal
Resources
Standard
Victory
Conquest
Starting age
Dark Age
Ending age
Imperial Age
RankedLock teamsTeams togetherTeam positionsShared explorationLock speedFull tech treeHidden civsTurbo modeCheats
Victory
Defeat
🇺🇸 Ethiopians · United States
1084
+13
🇺🇸 Mapuche · United States
1082
+13
🇨🇳 Mongols · China
1058
-15
🇧🇷 Vietnamese · Brazil
973
-11
RAFAOalexandre
7:49 Loom
10:06 Feudal Age
10:44 Double-Bit Axe
15:08 Bloodlines
17:01 Wheelbarrow
23:43 Castle Age
22:25 Fletching
24:22 Padded Archer Armor
24:58 Bow Saw
25:15 Husbandry
26:38 Leather Archer Armor
27:57 Elite Skirmisher
28:49 Bodkin Arrow
29:29 Forging
30:17 Scale Barding Armor
32:01 Iron Casting
34:05 Hand Cart
35:01 Horse Collar
38:17 Thumb Ring
38:46 Chain Barding Armor
39:35 Crossbowman
49:05 Imperial Age
50:25 Plate Barding Armor
50:53 Bracer
53:07 Murder Holes
54:01 Town Watch
66:07 Light Cavalry
71:58 Scale Mail Armor
无名英雄
7:32 Loom
10:03 Feudal Age
12:43 Double-Bit Axe
13:49 Horse Collar
19:50 Castle Age
18:26 Gold Mining
19:09 Stone Mining
21:51 Bow Saw
22:57 Bloodlines
22:50 Husbandry
25:07 Scale Barding Armor
27:46 Wheelbarrow
27:27 Town Watch
28:37 Ballistics
28:56 Hand Cart
29:28 Fletching
30:45 Gold Shaft Mining
30:52 Light Cavalry
31:31 Bodkin Arrow
31:48 Forging
31:41 Heavy Plow
34:19 Murder Holes
38:11 Imperial Age
38:33 Stone Shaft Mining
38:37 Elite Mangudai
40:24 Chemistry
40:54 Thumb Ring
41:17 Parthian Tactics
40:54 Bracer
41:15 Chain Barding Armor
40:56 Padded Archer Armor
42:30 Hussar
51:25 Leather Archer Armor
51:46 Iron Casting
57:53 Conscription
60:07 Town Patrol
62:42 Iron Casting
WillrowHood
8:44 Loom
11:42 Feudal Age
17:47 Castle Age
16:26 Double-Bit Axe
18:49 Bow Saw
18:32 Gold Mining
18:35 Horse Collar
27:35 Wheelbarrow
27:17 Forging
29:18 Gold Shaft Mining
28:46 Heavy Plow
30:35 Town Watch
31:06 Hand Cart
31:40 Malon
32:33 Iron Casting
35:05 Town Patrol
35:30 Fletching
35:40 Elite Skirmisher
41:26 Imperial Age
39:52 Stone Mining
40:25 Padded Archer Armor
40:20 Bodkin Arrow
41:28 Leather Archer Armor
43:15 Ring Archer Armor
43:03 Siege Engineers
44:29 Conscription
43:54 Sappers
44:54 Elite Kona
45:10 Sappers
46:49 Hoardings
48:30 Caravan
52:46 Ballistics
58:10 Blast Furnace
62:41 Stone Shaft Mining
62:37 Crop Rotation
65:50 Masonry
83:02 Architecture
82:28 Murder Holes
82:17 Treadmill Crane
mukosdrum
5:55 Loom
10:08 Feudal Age
11:29 Double-Bit Axe
11:58 Fletching
16:48 Double-Bit Axe
23:03 Castle Age
20:56 Horse Collar
23:06 Crossbowman
23:10 Light Cavalry
24:07 Bow Saw
23:58 Bodkin Arrow
25:11 Forging
29:08 Husbandry
31:06 Wheelbarrow
31:46 Scale Barding Armor
32:19 Iron Casting
32:03 Squires
33:01 Gold Mining
33:01 Stone Mining
34:13 Hand Cart
34:54 Scale Mail Armor
35:02 Scale Barding Armor
35:20 Town Watch
37:05 Gold Shaft Mining
39:51 Imperial Age
38:57 Chain Mail Armor
40:02 Heavy Plow
40:34 Chain Barding Armor
42:25 Blast Furnace
41:56 Plate Mail Armor
42:18 Elite Shotel Warrior
43:42 Arson
45:09 Royal Heirs
46:45 Conscription
48:19 Caravan
50:54 Town Patrol
Connection lost

Rejoining the realm…

Still unreachable

The connection could not be restored.

Session expired

The server has moved on; the page needs a fresh start.